 Dungeon Crawl Stone Soup version 0.18-a0-1088-g34ef3a2 (webtiles) character file.

107 lysy the Firebug (level 4, -1/24 HPs)
             Began as a Deep Elf Fire Elementalist on Jan 15, 2016.
             Shot with a stone by a goblin (3 damage)
             ... on level 2 of the Dungeon.
             The game lasted 00:10:10 (2378 turns).

lysy the Firebug (Deep Elf Fire Elementalist)       Turns: 2378, Time: 00:10:10

Health: -1/24      AC:  3    Str:  5    XL:     4   Next: 56%
Magic:  10/10      EV: 13    Int: 21    God:
Gold:   98         SH:  0    Dex: 15    Spells: 2 memorised, 5 levels left

rFire  . . .     SeeInvis .     h - +2 quarterstaff (chaos)
rCold  . . .     Gourm    .     f - +1 robe
rNeg   . . .     Faith    .     (shield currently unavailable)
rPois  .         Spirit   .     (no helmet)
rElec  .         Dismiss  .     (no cloak)
rCorr  .         Reflect  .     (no gloves)
SustAt .         Harm     .     (no boots)
MR     .....                    (no amulet)
Stlth  +.........               (no ring)
                                (no ring)

@: confused, not resistant to hostile enchantments, very unstealthy
A: no striking features
a: no special abilities


You were on level 2 of the Dungeon.
You were not hungry.

You visited 1 branch of the dungeon, and saw 2 of its levels.

You collected 98 gold pieces.


   Skills:
 - Level 1.3 Short Blades
 - Level 2.4 Dodging
 - Level 2.4 Stealth
 - Level 3.0 Spellcasting
 + Level 3.2 Conjurations
 + Level 4.5 Fire Magic


You had 5 spell levels left.
You knew the following spells:

 Your Spells              Type           Power        Failure   Level  Hunger
z - Flame Tongue          Conj/Fire      ###..        2%          1    None
Z - Conjure Flame         Conj/Fire      ###.....     10%         3    ###....

Inventory:

Hand Weapons
 a - a +0 short sword of draining
 h - a +2 quarterstaff of chaos (weapon)
Missiles
 d - 18 poisoned needles
 e - 61 stones (quivered)
Armour
 f - a +1 robe (worn)
 g - a +0 cloak
Wands
 i - a wand of magic darts (20/48)
Books
 b - a book of Flames

   Spells                             Type                      Level
   a - Flame Tongue                   Conjuration/Fire             1
   b - Throw Flame                    Conjuration/Fire             2
   c - Conjure Flame                  Conjuration/Fire             3
   d - Inner Flame                    Hexes/Fire                   3
   e - Sticky Flame                   Conjuration/Fire             4
   f - Fireball                       Conjuration/Fire             5
Comestibles
 c - a bread ration

Dungeon Overview and Level Annotations

Branches:
Dungeon (2/15)

Altars:

Annotations:
D:2 Ijyb

▒▒>▒♣P♣♣♣.....▒..▒ 8.. .8
▒ .▒▒ ▒▒▒g.....▒...
....▒▒▒▒▒ P. ▒▒.▒.▒.▒.▒▒.
▒...... P. ▒...(.......
▒▒▒▒▒.▒ ♣.. ▒..▒(▒g▒▒▒▒▒
▒.▒ ♣P.
▒..▒....▒▒▒▒▒▒▒▒▒▒▒▒▒.▒
....▒..................▒
▒▒▒▒.▒▒.((▒..▒▒▒▒▒▒▒▒▒▒▒▒
▒.▒▒▒e▒▒..▒ ▒.▒ ▒.▒▒..▒
▒.▒ ▒.....▒ ▒▒▒▒▒.▒ ▒..
▒▒▒


You could see Ijyb and a goblin.


Message History

You bump into the rock wall.
Ijyb barely misses you.
The goblin shoots a stone.
The stone hits you.
* * * LOW HITPOINT WARNING * * *
Unknown command.
You completely miss Ijyb.
Ijyb is moderately wounded.
Ijyb zaps a wand.
You are more confused.
The goblin shoots a stone.
The stone hits you but does no damage.
Ijyb zaps a wand.
You resist with some effort.
The goblin shoots a stone.
The stone hits you!
* * * LOW HITPOINT WARNING * * *
Ijyb zaps a wand.
You resist with some effort.
You see here a stone.
You aren't carrying any potions.
Unknown command.
You're too confused to move!
Ijyb zaps a wand.
You resist with some effort.
The goblin shoots a stone.
The stone hits you.
* * * LOW HITPOINT WARNING * * *
Ijyb screams, "Level is mine!
All mine!"
Ijyb zaps a wand.
You are more confused.
The goblin shoots a stone.
The stone closely misses you.
Ijyb zaps a wand.
You are more confused.
The goblin shoots a stone.
The stone closely misses you.
The goblin shoots a stone.
The stone hits you.
* * * LOW HITPOINT WARNING * * *
You see here a stone.
The goblin shoots a stone.
The stone hits you.
You die...

Action                   |  1- 3 |  4- 6 || total
-------------------------+-------+-------++-------
Melee: Quarterstaff      |       |     5 ||     5
Throw: Stone             |    58 |       ||    58
 Cast: Flame Tongue      |    58 |    15 ||    73
       Conjure Flame     |     2 |     1 ||     3
  Use: Scroll            |     3 |       ||     3
  Eat: Chunk             |     2 |       ||     2
       Bread ration      |       |     1 ||     1

Vault maps used:
D:1:      mrwooster_arrival_statue_3
D:2:      serial_forest, infiniplex_forest_diagonal, infiniplex_forest_lined_3,
          infiniplex_forest_end_2, infiniplex_forest_clump_long,
          infiniplex_forest_clump_curved, infiniplex_forest_clump_cross,
          infiniplex_forest_clump_curved, st_stairs_1, uniq_crazy_yiuf_cottage,
          uniq_iyjb

Notes
Turn   | Place    | Note
--------------------------------------------------------------
     0 | D:1      | lysy the Deep Elf Fire Elementalist began the quest for the Orb.
     0 | D:1      | Reached XP level 1. HP: 10/10 MP: 6/6
   181 | D:1      | Reached XP level 2. HP: 15/15 MP: 6/8
   187 | D:1      | Reached skill level 2 in Conjurations
   525 | D:1      | Reached XP level 3. HP: 19/19 MP: 1/9
   788 | D:1      | Reached skill level 4 in Fire Magic
   817 | D:1      | Learned a level 3 spell: Conjure Flame
  1452 | D:2      | Reached skill level 1 in Short Blades
  1596 | D:2      | Noticed Crazy Yiuf
  1772 | D:2      | HP: 1/19 [Crazy Yiuf/wand of magic darts (7)]
  1774 | D:2      | Killed Crazy Yiuf
  1774 | D:2      | Reached XP level 4. HP: 1/24 MP: 5/10
  2122 | D:2      | Reached skill level 3 in Conjurations
  2324 | D:2      | Noticed Ijyb
  2377 | D:2      | HP: 2/24 [goblin/stone (1)]
  2378 | D:2      | Shot with a stone by a goblin

Vanquished Creatures
  Crazy Yiuf (D:2)
  3 adders (D:2)
  A giant gecko (D:1)
  6 bats
  A giant cockroach (D:1)
  9 goblins
  8 hobgoblins
  4 jackals (D:1)
  A ball python (D:1)
  A giant newt (D:2)
  6 kobolds
  6 rats (D:1)
47 creatures vanquished.
